Map: 瑟拉斯废墟

Players

shengy

  • Race: Zerg Zerg
  • League: Platinum

Deathkillerz - Winner!

  • Race: Protoss Protoss
  • League: Platinum

VOD

Have the link to the VOD?

Description

Time

  • Played on: Dec. 22, 2015, 6:47 p.m.
  • Length: 8:04
Show
View Real Time Build Order
Export as new Build Order

shengy Zerg 

Build Orders: Hatch First 

Get SALT Encoding   

  12  0:01  Drone  
  13  0:11  Drone  
  14  0:18  Overlord  
  14  0:36  Drone x2  
  14  0:37  Drone  
  17  0:47  Drone  
  18  1:00  Hatchery  
  18  1:01  Drone  
  18  1:09  Drone  
  19  1:19  Drone  
  20  1:36  Drone  
  21  1:44  Spawning Pool  
  21  1:45  Hatchery  
  19  1:53  Overlord  
  19  1:55  Drone  
  20  2:14  Drone  
  20  2:15  Drone x2  
  23  2:26  Drone  
  24  2:31  Queen x2  
  24  2:33  Zergling x2  
  24  2:37  Drone x2  
  31  2:44  Drone  
  32  2:52  Overlord  
  32  2:55  Drone  
  32  2:57  Drone x2  
  35  2:59  Queen  
  37  3:05  Drone  
  37  3:07  Queen, Drone  
  37  3:10  Drone  
  42  3:16  Drone  
  43  3:20  Zergling x4  
  43  3:23  Queen  
  47  3:28  Extractor, Roach Warren  
  47  3:30  Extractor  
  47  3:32  Extractor  
  41  4:04  Drone  
  41  4:05  Drone x2  
  44  4:14  Drone  
  44  4:15  Drone x3  
  48  4:17  Overlord  
  48  4:18  Overlord x2  
  48  4:33  Drone  
  48  4:34  Lair  
  48  4:38  Metabolic Boost  
  49  4:44  Hatchery  
  48  4:45  Extractor  
  48  4:48  Drone  
  48  4:49  Drone x8  
  48  4:50  Drone x6  
  62  5:04  Evolution Chamber  
  62  5:05  Evolution Chamber  
  62  5:06  Drone  
  61  5:11  Drone  
  61  5:12  Drone  
  63  5:19  Overlord x2  
  63  5:20  Overlord x2  
  63  5:27  Extractor  
  61  5:32  Glial Reconstitution  
  61  5:35  Zerg Missile Weapons Level 1, Zerg Ground Armor Level 1  
  61  5:38  Drone x2  
  61  5:39  Hydralisk Den  
  62  5:44  Drone x4  
  62  5:48  Drone x2  
  68  6:00  Overseer  
  68  6:13  Overseer  
  68  6:15  Roach x5  
  68  6:16  Roach x9  
  68  6:17  Roach  
  98  6:21  Drone x4  
  98  6:24  Drone  
  103  6:34  Drone  
  103  6:35  Drone  
  103  6:38  Extractor  
  104  6:44  Muscular Augments  
  104  6:50  Extractor  
  104  6:51  Hatchery  
  104  6:52  Overlord  
  104  6:53  Hydralisk x4, Overlord  
  108  6:54  Extractor, Hydralisk  
  111  7:07  Overlord x3  
  111  7:10  Roach x2  
  111  7:11  Roach x3  
  111  7:12  Ravager x2  
  111  7:13  Ravager  
  124  7:17  Overlord x2  
  120  7:37  Roach x6  
  120  7:38  Roach x5  
  120  7:39  Roach  
  120  7:40  Ravager x2  
  120  7:42  Ravager  
Show
View Real Time Build Order
Export as new Build Order

Deathkillerz Protoss - Winner!

Build Orders:  

Get SALT Encoding   

  12  0:01  Probe (Chrono Boost)  
  13  0:11  Probe (Chrono Boost)  
  14  0:18  Pylon  
  14  0:23  Probe (Chrono Boost)  
  15  0:36  Probe (Chrono Boost)  
  15  0:40  Gateway  
  16  0:47  Probe (Chrono Boost)  
  17  0:53  Assimilator  
  17  0:57  Probe (Chrono Boost)  
  17  1:00  Pylon  
  18  1:09  Probe (Chrono Boost)  
  19  1:20  Probe (Chrono Boost)  
  20  1:31  Probe (Chrono Boost)  
  20  1:32  Cybernetics Core  
  21  1:33  Zealot  
  23  1:42  Probe (Chrono Boost)  
  24  1:50  Pylon  
  24  1:52  Probe (Chrono Boost)  
  25  2:12  Nexus  
  26  2:17  Warp Gate  
  26  2:18  Mothership Core (Chrono Boost)  
  26  2:21  Adept  
  29  2:24  Assimilator  
  29  2:37  Probe (Chrono Boost)  
  30  2:47  Probe (Chrono Boost)  
  31  2:55  Pylon  
  31  3:00  Robotics Facility  
  31  3:13  Adept  
  31  3:14  Probe (Chrono Boost)  
  34  3:24  Probe (Chrono Boost)  
  34  3:25  Probe (Chrono Boost)  
  36  3:29  Gateway  
  36  3:35  Probe (Chrono Boost)  
  36  4:03  Probe x2 (Chrono Boost)  
  36  4:04  Immortal  
  36  4:09  Gateway  
  41  4:13  Gateway  
  41  4:16  Probe x2 (Chrono Boost)  
  41  4:17  Pylon  
  43  4:25  Pylon  
  43  4:26  Probe (Chrono Boost)  
  43  4:27  Probe (Chrono Boost)  
  43  4:28  Adept x2  
  49  4:37  Probe x2 (Chrono Boost)  
  51  4:44  Immortal (Chrono Boost)  
  55  4:47  Probe (Chrono Boost)  
  55  4:48  Probe (Chrono Boost)  
  55  4:49  Adept x2  
  61  4:58  Probe x2 (Chrono Boost)  
  63  5:10  Probe x2  
  63  5:12  Adept x2  
  69  5:16  Pylon  
  69  5:17  Pylon  
  69  5:21  Pylon  
  69  5:29  Probe  
  69  5:30  Assimilator  
  69  5:34  Assimilator  
  70  5:36  Adept x2  
  70  5:37  Adept x2  
  70  5:40  Pylon  
  78  5:47  Observer (Chrono Boost)  
  79  5:52  Gateway  
  79  5:53  Gateway, Probe  
  79  5:54  Probe  
  81  6:01  Stalker x2  
  81  6:03  Adept  
  87  6:07  Adept  
  89  6:16  Immortal (Chrono Boost)  
  93  6:34  Adept x2  
  93  6:35  Adept x2  
  101  6:50  Pylon  
  101  6:59  Pylon  
  101  7:02  Pylon  
  105  7:09  Immortal (Chrono Boost), Stalker x2  
  105  7:14  Pylon  
  109  7:16  Pylon  
  109  7:33  Stalker x2  
  109  7:34  Stalker x4  
  121  7:55  Stalker  
  109  8:03  Stalker x5  
Tags
 
Add a new tag
Caveats
  • Supply blocks, unpowered buildings, or Contaminate may cause inaccurate times.
  • Supply counts are checked every 10 seconds.